AoeStats
← stefan

Black Forest

508936789Analyzed
4v4 RM · 6d ago on Sep 24, 2026· 45m 33s· 8 players
Game mode
Random Map
Map size
Large (8 player)
Population
200
Speed
Normal
Resources
Standard
Victory
Conquest
Starting age
Dark Age
Ending age
Imperial Age
RankedLock teamsTeams togetherTeam positionsShared explorationLock speedFull tech treeHidden civsTurbo modeCheats
Victory
Defeat
🇺🇸 Lithuanians · United States
823
+14
🇬🇧 Celts · United Kingdom
757
+17
🇩🇪 Inca · Germany
752
+17
🇦🇷 Saxons · Argentina
724
+18
🇮🇳 Saracens · India
837
-19
🇨🇳 Britons · China
779
-17
🇺🇦 Byzantines · Ukraine
771
-16
🇹🇷 Franks · Türkiye
719
-14
stefan
2:40 Loom
15:09 Feudal Age
15:49 Horse Collar
15:57 Double-Bit Axe
21:54 Castle Age
19:59 Gold Mining
20:02 Stone Mining
20:42 Forging
20:33 Scale Mail Armor
22:02 Wheelbarrow
22:08 Fletching
22:18 Padded Archer Armor
22:44 Bow Saw
23:28 Heavy Plow
24:15 Iron Casting
23:55 Chain Mail Armor
26:29 Hand Cart
28:55 Gold Shaft Mining
30:09 Caravan
33:30 Imperial Age
33:27 Squires
35:44 Two-Man Saw
35:52 Chemistry
36:01 Plate Mail Armor
35:57 Conscription
35:29 Arson
35:30 Gambesons
35:07 Pikeman
37:33 Coinage
37:05 Elite Varangian Guard
37:06 Halberdier
38:05 Elite Cataphract
42:33 Crop Rotation
oguayd
2:25 Loom
13:35 Feudal Age
14:02 Double-Bit Axe
18:03 Wheelbarrow
24:05 Castle Age
24:32 Gold Mining
24:33 Stone Mining
25:21 Hand Cart
35:44 Bow Saw
37:53 Pikeman
38:34 Squires
38:19 Arson
38:01 Elite Skirmisher
40:23 Scale Barding Armor
40:19 Scale Mail Armor
40:19 Padded Archer Armor
40:10 Fletching
40:31 Forging
41:02 Town Watch
41:07 Ordonnance Companies
42:12 Ballistics
43:58 Husbandry
BLYAAAT
1:00 Loom
11:40 Feudal Age
12:35 Double-Bit Axe
13:34 Horse Collar
21:31 Castle Age
24:23 Heavy Plow
25:22 Caravan
32:19 Imperial Age
32:11 Scale Barding Armor
32:40 Forging
33:02 Ballistics
32:53 Fortified Wall
33:22 Conscription
34:18 Elite Mameluke
36:26 Chemistry
36:08 Gold Mining
41:25 Iron Casting
41:10 Chain Barding Armor
-300
10:27 Feudal Age
11:08 Double-Bit Axe
17:57 Stone Mining
18:06 Gold Mining
18:00 Horse Collar
23:26 Wheelbarrow
25:06 Castle Age
25:13 Castle Age
27:34 Gold Shaft Mining
32:11 Wheelbarrow
37:43 Imperial Age
36:48 Hand Cart
38:52 Fletching
39:14 Forging
39:04 Scale Mail Armor
39:06 Padded Archer Armor
39:28 Elite Longbowman
40:58 Yeomen
41:00 Conscription
Kurwier2000
0:47 Loom
14:00 Feudal Age
14:36 Double-Bit Axe
14:34 Horse Collar
16:08 Wheelbarrow
16:24 Town Watch
19:27 Castle Age
17:27 Gold Mining
17:28 Stone Mining
20:30 Champi Runner
21:11 Squires
20:57 Arson
21:52 Bow Saw
22:50 Hand Cart
22:37 Town Patrol
22:44 Heavy Plow
26:23 Caravan
27:16 Treadmill Crane
27:49 Fortified Wall
28:27 Gold Shaft Mining
28:32 Stone Shaft Mining
28:33 Coinage
28:09 Pikeman
32:23 Fletching
32:33 Padded Archer Armor
32:34 Scale Mail Armor
32:44 Forging
33:14 Andean Sling
37:35 Imperial Age
35:08 Elite Skirmisher
35:53 Thumb Ring
36:45 Champi Warrior
38:36 Leather Archer Armor
39:37 Conscription
40:30 Fabric Shields
40:47 Chain Mail Armor
40:52 Elite Kamayuk
44:23 Plate Mail Armor
44:29 Iron Casting
44:28 Masonry
45:03 Hoardings
Akatius
1:15 Loom
12:54 Feudal Age
16:48 Castle Age
15:29 Double-Bit Axe
15:32 Horse Collar
20:06 Wheelbarrow
21:40 Heavy Plow
23:08 Stone Mining
25:23 Bow Saw
26:12 Squires
26:51 Caravan
26:45 Fletching
27:46 Thumb Ring
27:46 Town Watch
28:16 Bodkin Arrow
28:43 Gold Mining
29:38 Padded Archer Armor
30:08 Forging
33:52 Imperial Age
31:55 Hand Cart
33:18 Scale Mail Armor
33:27 Scale Barding Armor
33:59 Scale Mail Armor
34:47 Leather Archer Armor
35:19 Conscription
35:02 Bracer
34:30 Heavy Mounted Crossbowman
34:31 Cranequins
35:34 Chain Barding Armor
35:08 Gambesons
35:29 Town Patrol
35:51 Ballistics
36:13 Gold Shaft Mining
37:09 Iron Casting
37:09 Sanctity
36:24 Elite Skirmisher
36:59 Clerical Recruitment
38:20 Shield Wall
40:42 Two-Man Saw
40:05 Capped Ram
42:25 Siege Ram
43:55 Chain Mail Armor
45:56 Ring Archer Armor
44:48 Elite Hearth Troop
andrzjry
4:19 Loom
11:18 Feudal Age
11:44 Double-Bit Axe
13:49 Horse Collar
16:46 Castle Age
17:52 Bow Saw
19:47 Fletching
22:29 Town Watch
23:58 Stone Mining
25:01 Scale Mail Armor
28:51 Wheelbarrow
28:44 Forging
28:47 Gold Mining
29:25 Chain Mail Armor
30:25 Iron Casting
30:24 Bodkin Arrow
31:08 Padded Archer Armor
30:45 Pikeman
32:33 Gold Shaft Mining
32:38 Ballistics
32:16 Murder Holes
32:25 Stronghold
36:50 Imperial Age
34:28 Arson
35:42 Scale Barding Armor
36:21 Leather Archer Armor
35:50 Man-at-Arms
36:16 Gambesons
38:07 Conscription
37:14 Onager
38:08 Furor Celtica
38:45 Halberdier
40:37 Blast Furnace
43:23 Plate Mail Armor
45:08 Ring Archer Armor
T.S | Mo
2:45 Loom
15:17 Feudal Age
16:02 Horse Collar
16:07 Double-Bit Axe
16:15 Gold Mining
16:16 Stone Mining
27:44 Castle Age
27:37 Wheelbarrow
28:06 Scale Mail Armor
28:17 Forging
28:12 Scale Barding Armor
27:57 Fletching
29:06 Bow Saw
28:57 Heavy Plow
29:39 Stone Shaft Mining
30:52 Fervor
30:45 Caravan
31:22 Iron Casting
31:07 Chain Barding Armor
31:25 Treadmill Crane
31:40 Murder Holes
31:55 Masonry
36:23 Imperial Age
35:08 Chain Barding Armor
35:03 Chain Mail Armor
34:43 Bodkin Arrow
36:17 Herbal Medicine
37:02 Hand Cart
36:53 Town Watch
36:33 Cavalier
37:13 Husbandry
37:23 Bloodlines
36:35 Pikeman
37:16 Squires
36:36 Man-at-Arms
37:01 Arson
37:38 Conscription
38:11 Theocracy
37:51 Block Printing
38:01 Illumination
37:52 Paladin
40:57 Hoardings
Connection lost

Rejoining the realm…

Still unreachable

The connection could not be restored.

Session expired

The server has moved on; the page needs a fresh start.